 Dungeon Sprint DCSS version 0.26-a0-1060-g086102a3f0 (webtiles) character file.

Game seed: 8820017733321217612

66507 mhtbhm the Shatterer (level 14, -8/161 HPs)
             Began as a Palentonga Berserker on Dec 14, 2020.
             Was the Champion of Trog.
             Killed from afar by Antaeus (44 damage)
             ... with a flash freeze
             ... in the Dungeon (Sprint IX: "|||||||||||||||||||||||||||||").
             The game lasted 00:17:44 (6127 turns).

mhtbhm the Shatterer (Palentonga Berserker)         Turns: 6127, Time: 00:17:45

Health: -8/161     AC: 34    Str: 26    XL:     14   Next: 79%
Magic:  14/14      EV: 11    Int:  8    God:    Trog [******]
Gold:   1110       SH:  0    Dex:  4    Spells: 13/13 levels left

rFire    + + +     SeeInvis +   a - +5 dire flail "Newtslayer" {flame, rPois rF+++ Will+ Dex-5}
rCold    . . .     Faith    .   (shield currently unavailable)
rNeg     . . .     Spirit   .   g - quicksilver dragon scales
rPois    +         Reflect  .   n - +1 helmet
rElec    .         Harm     .   m - +1 cloak
rCorr    .         Rampage  .   (no gloves)
Will     +++..     NoTele   +   D - +2 barding
Stlth    +.........             (no amulet)
HPRegen  0.36/turn              o - +2 ring of evasion
MPRegen  0.14/turn              C - ring of poison resistance

@: lethally poisoned (-8 -> -10), berserk cooldown, slowed, lightly drained,
curled up, very slow
A: large, rugged brown scales 3, see invisible, deformed body, roll 1, armoured
tail, reflexive curl
a: Rolling Charge, Berserk, Trog's Hand, Brothers in Arms, Renounce Religion


You were in the Dungeon.
You worshipped Trog.
Trog was exalted by your worship.
You visited 1 branch You collected 1910 gold pieces.
You spent 800 gold pieces at shops.

Inventory:

Hand Weapons
 a - the +5 dire flail "Newtslayer" (weapon) {flame, rPois rF+++ Will+ Dex-5}
   (Trog gifted it to you in the Dungeon)

   It has been specially enchanted to burn those struck by it, causing extra
   injury to most foes and up to half again as much damage against particularly
   susceptible opponents.
   It affects your dexterity (-5).
   It renders you almost immune to fire.
   It protects you from poison.
   It affects your willpower, your defense against some magical effects.
Missiles
 B - 18 javelins (quivered)
Armour
 b - a +0 chain mail of cold resistance
 g - quicksilver dragon scales (worn)
 m - a +1 cloak (worn)
 n - a +1 helmet (worn)
 D - a +2 barding (worn)
Jewellery
 o - a +2 ring of evasion (left hand)
 z - an uncursed ring of protection from fire
 C - a ring of poison resistance (right hand)
Wands
 k - a wand of acid (3)
 v - a wand of flame (21)
Scrolls
 j - 4 scrolls of remove curse
 r - 2 scrolls of identify
 s - a scroll of fog
 t - 2 scrolls of enchant armour
 u - 4 scrolls of enchant weapon
 w - a scroll of magic mapping
 A - a scroll of fear
Potions
 c - 4 potions of curing
 d - 5 potions of heal wounds
 e - a potion of haste
 f - 4 potions of magic
 i - a potion of invisibility
 l - a potion of berserk rage
 p - 3 potions of mutation
 q - a potion of might
Miscellaneous
 x - a condenser vane
 y - a box of beasts


   Skills:
 + Level 21.2(21.1) Fighting
 + Level 24.1(24.0) Maces & Flails
 + Level 6.4(6.3) Throwing
 + Level 14.9(14.8) Armour
 + Level 11.5(11.4) Dodging
 + Level 4.7(4.6) Stealth
 + Level 6.3(6.2) Evocations


You had 13 spell levels left.
You didn't know any spells.
Your spell library was empty.

Dungeon Overview and Level Annotations

Branches:
Dungeon (1/1)

Altars:
Cheibriados
Dithmenos
Elyvilon
Fedhas
Gozag
Hepliaklqana
Kikubaaqudgha
Makhleb
Nemelex Xobeh
Okawaru
Qazlal
Ru
Sif Muna
Trog
Uskayaw
Vehumet
Wu Jian
Xom
Yredelemnul
Zin
The Shining One
Beogh
Jiyva
Lugonu

Shops:
D =}(:

Annotations:
D Antaeus


Innate Abilities, Weirdness & Mutations

You are completely covered in rugged brown scales. (AC +3, +7% HP)
You have supernaturally acute eyesight. (SInv)
Armour fits poorly on your strangely shaped body.
You can roll at nearby foes to attack.
You have a long armoured tail.
You curl defensively after being hit.


Message History

Your stone giant goes berserk!
You feel sick. Antaeus hits your stone giant!!!
Antaeus freezes your stone giant!! Antaeus hits your stone giant.
Antaeus freezes your stone giant!!! Antaeus barely misses your stone giant.
Antaeus hits your stone giant but does no damage.
Unknown command.
You feel sick.
Your stone giant hits Antaeus!!!
You feel sick.
Your stone giant hits Antaeus.
Antaeus hits your stone giant!!
Your stone giant dies!
Your stone giant's corpse disappears in a puff of smoke!
You feel sick.
Your troll goes berserk!
You feel sick. Antaeus hits your troll!!!!
Your troll dies!
Your troll's corpse disappears in a puff of smoke!
Unknown command.
You feel sick. Antaeus gestures at you. The flash freeze hits you!!!
You die...

▓(▓.▓)▓.▓)▓.▓[▓.▓.
▓[▓.▓)▓.▓)▓.▓)▓.▓.
▓(▓.▓)▓.▓)▓.▓)▓.▓)
▓.▓.▓.▓.▓)▓.▓)▓.▓÷
▓)▓.▓.▓.▓)▓.▓)▓.▓.
▓[▓.▓.▓.▓.▓.▓.▓.▓.
▓(▓.▓.▓.▓[▓.▓.▓.▓.
▓(▓.▓)▓.▓[▓.▓.▓.▓.
▓@▓.▓)▓.▓[▓.▓.▓.▓.
▓.▓.▓.▓.▓.▓.▓)▓.▓.
▓C▓.▓.▓.▓[▓.▓)▓.▓.
▓k▓.▓.▓)▓[▓.▓)▓.▓)
▓.▓.▓.▓.▓[▓.▓)▓.▓.
▓M▓.▓)▓.▓[▓.▓.▓.▓'
▓.▓.▓)▓.▓.▓.▓)▓.▓÷
▓.▓.▓.▓.▓.▓.▓)▓.▓.
▓§▓.▓)▓.▓.▓.▓)▓.▓.


You could see Antaeus, a death drake and a mummy priest.

Vanquished Creatures
  Frances (D)
  Agnes (D)
  A tengu reaver (D)
  2 nagarajas (D)
  A ghost moth (D)
  An iron dragon (D)
  2 ironheart preservers (D)
  2 very ugly things (D)
  2 stone giants (D)
  2 bunyips (D)
  An entropy weaver (D)
  An eleionoma (D)
  2 merfolk javelineers (D)
  An ettin (D)
  Josephine (D)
  4 yaktaur captains (D)
  3 great orbs of eyes (D)
  A rakshasa (D)
  An ice dragon (D)
  2 hydras (D)
  2 catoblepae (D)
  2 ogre magi (D)
  An anaconda (D)
  A two-headed ogre (D)
  A centaur warrior (D)
  A queen ant (shapeshifter) (D)
  5 death yaks (D)
  2 deep troll earth magi (D)
  A spriggan druid (D)
  2 unseen horrors (D)
  2 sea snakes (D)
  A flayed ghost (D)
  2 ironbrand convokers (D)
  A swamp dragon (D)
  A harpy (D)
  An orc knight (D)
  A phantasmal warrior (D)
  A mana viper (D)
  2 wolf spiders (D)
  An orb spider (D)
  A will-o-the-wisp (D)
  7 orc sorcerers (D)
  3 black mambas (D)
  2 vault sentinels (D)
  2 merfolk sirens (D)
  A naga mage (D)
  2 cane toads (D)
  A rime drake (D)
  A komodo dragon (D)
  2 freezing wraiths (D)
  2 demonic crawlers (D)
  A yaktaur (D)
  A guardian mummy (D)
  A troll (D)
  A tengu conjurer (D)
  A bloated husk (D)
  A tyrant leech (D)
  A merfolk (D)
  A slime creature (D)
  A wind drake (D)
  3 redbacks (D)
  A tarantella (D)
  A wyvern (D)
  3 wraiths (D)
  A shadow (D)
  A spriggan (D)
  5 yaks (D)
  A basilisk (D)
  3 water moccasins (D)
  7 orc warriors (D)
  2 black bears (D)
  A boggart (D)
  An ogre (D)
  A wolf (D)
  5 bullfrogs (D)
  A scorpion (D)
  A jelly (D)
  3 orc priests (D)
  9 orc wizards (D)
  2 worker ants (D)
  A white imp (D)
  An ooze (D)
  6 orcs (D)
  2 bats (D)
  A bat zombie (D)
  2 frilled lizards (D)
161 creatures vanquished.

Vanquished Creatures (collateral kills)
  A tengu reaver (D)
  A frost giant (D)
  A stone giant (D)
  A fire dragon (D)
  A boulder beetle (D)
  2 ogre magi (D)
  A deep troll earth mage (D)
  An orc high priest (D)
  An unseen horror (D)
  An ugly thing (D)
  A black mamba (D)
  A vampire mosquito (D)
  An acid dragon (D)
  A naga (D)
  2 orc warriors (D)
  An ice beast (D)
  An orc (D)
19 creatures vanquished.

Grand Total: 180 creatures vanquished

Notes
Turn   | Place    | Note
-------+----------+-------------------------------------------
     0 | D        | mhtbhm the Palentonga Berserker began the quest for the
                  | Orb.
     0 | D        | Reached XP level 1. HP: 20/20 MP: 1/1
    15 | D        | Reached ** piety under Trog
    21 | D        | Reached XP level 2. HP: 26/28 MP: 2/2
    68 | D        | Noticed an ogre
    68 | D        | Noticed a scorpion
    73 | D        | Reached skill level 4 in Maces & Flails
    73 | D        | Reached XP level 3. HP: 37/37 MP: 3/3
    76 | D        | Reached *** piety under Trog
    77 | D        | Reached skill level 5 in Fighting
    77 | D        | Reached skill level 5 in Maces & Flails
    80 | D        | Killed an ogre
    81 | D        | Reached skill level 6 in Maces & Flails
    81 | D        | Reached XP level 4. HP: 38/48 MP: 4/4
    81 | D        | Reached XP level 5. HP: 43/54 MP: 5/5
    83 | D        | Reached skill level 7 in Maces & Flails
    89 | D        | Found a roughly hewn altar of Beogh.
    89 | D        | Found a snail-covered altar of Cheibriados.
    89 | D        | Found a shadowy altar of Dithmenos.
    89 | D        | Found a white marble altar of Elyvilon.
    89 | D        | Found a blossoming altar of Fedhas.
    89 | D        | Found an opulent altar of Gozag.
    90 | D        | Found a hazy altar of Hepliaklqana.
   109 | D        | Found a viscous altar of Jiyva.
   110 | D        | Found an ancient bone altar of Kikubaaqudgha.
   111 | D        | Found a corrupted altar of Lugonu.
   112 | D        | Found a burning altar of Makhleb.
   113 | D        | Found a sparkling altar of Nemelex Xobeh.
   114 | D        | Found an iron altar of Okawaru.
   115 | D        | Found a stormy altar of Qazlal.
   116 | D        | Found a sacrificial altar of Ru.
   117 | D        | Found a shimmering blue altar of Sif Muna.
   118 | D        | Found a bloodstained altar of Trog.
   119 | D        | Found a hide-covered altar of Uskayaw.
   120 | D        | Found a radiant altar of Vehumet.
   121 | D        | Found an ornate altar of the Wu Jian Council.
   122 | D        | Found a shimmering altar of Xom.
   123 | D        | Found a basalt altar of Yredelemnul.
   124 | D        | Found a glowing silver altar of Zin.
   125 | D        | Found a glowing golden altar of the Shining One.
   306 | D        | Noticed a black bear
   306 | D        | Noticed a water moccasin
   306 | D        | Noticed a black bear
   306 | D        | Noticed an unseen horror
   311 | D        | Killed a black bear
   311 | D        | Reached **** piety under Trog
   312 | D        | Reached skill level 8 in Maces & Flails
   312 | D        | Reached XP level 6. HP: 65/65 MP: 6/6
   312 | D        | Killed a water moccasin
   313 | D        | Reached skill level 9 in Maces & Flails
   322 | D        | Reached skill level 10 in Maces & Flails
   322 | D        | Gained mutation: You curl defensively after being hit.
                  | [Palentonga growth]
   322 | D        | Reached XP level 7. HP: 74/74 MP: 7/7
   334 | D        | Killed an unseen horror
   334 | D        | Reached ***** piety under Trog
   335 | D        | Reached skill level 10 in Fighting
   335 | D        | Reached skill level 11 in Maces & Flails
   335 | D        | Reached skill level 5 in Armour
   335 | D        | Reached skill level 5 in Dodging
   335 | D        | Reached XP level 8. HP: 28/86 MP: 8/8
   566 | D        | Noticed a tengu conjurer
   566 | D        | Noticed a troll
   566 | D        | Noticed a two-headed ogre
   569 | D        | Killed a tengu conjurer
   570 | D        | Reached skill level 12 in Maces & Flails
   575 | D        | Killed a troll
   581 | D        | Killed a two-headed ogre
   582 | D        | Reached skill level 13 in Maces & Flails
   582 | D        | Reached skill level 1 in Evocations
   582 | D        | Reached XP level 9. HP: 89/97 MP: 9/9
   814 | D        | Noticed a black mamba
   814 | D        | Noticed a cane toad
   814 | D        | Noticed a seven-headed hydra
   816 | D        | Noticed a cane toad
   831 | D        | Killed a seven-headed hydra
   831 | D        | Received a gift from Trog
   832 | D        | Reached skill level 14 in Maces & Flails
   834 | D        | Killed a black mamba
   834 | D        | Reached ****** piety under Trog
   838 | D        | Killed a cane toad
   839 | D        | Reached XP level 10. HP: 43/108 MP: 10/10
   849 | D        | Killed a cane toad
   851 | D        | Reached skill level 15 in Maces & Flails
   851 | D        | Reached skill level 1 in Stealth
  1255 | D        | Received a gift from Trog
  1258 | D        | Noticed a catoblepas
  1329 | D        | Killed a catoblepas
  1519 | D        | Noticed a death yak
  1519 | D        | Noticed a death yak
  1519 | D        | Noticed a catoblepas
  1519 | D        | Noticed a death yak
  1519 | D        | Noticed a death yak
  1519 | D        | Noticed a death yak
  1526 | D        | Killed a death yak
  1526 | D        | Received a gift from Trog
  1527 | D        | Reached skill level 16 in Maces & Flails
  1541 | D        | Killed a death yak
  1542 | D        | Reached skill level 10 in Armour
  1556 | D        | Killed a catoblepas
  1557 | D        | Reached XP level 11. HP: 38/118 MP: 3/11
  1933 | D        | Killed a death yak
  1934 | D        | Reached skill level 15 in Fighting
  1938 | D        | Killed a death yak
  1942 | D        | Reached skill level 17 in Maces & Flails
  1946 | D        | Killed a death yak
  2297 | D        | Noticed an ettin
  2298 | D        | Received a gift from Trog
  2309 | D        | Killed an ettin
  2325 | D        | Received a gift from Trog
  2557 | D        | Noticed an orc knight
  2577 | D        | Killed an orc knight
  2577 | D        | Received a gift from Trog
  2585 | D        | Noticed an orc high priest
  2588 | D        | Noticed a sixfirhy
  2589 | D        | Noticed a sixfirhy
  2596 | D        | Killed an orc high priest
  2597 | D        | Reached skill level 18 in Maces & Flails
  2615 | D        | Got an iridescent flail {god gift}
  2616 | D        | Identified the +0 flail of Frustration {flame, rPois} (Trog
                  | gifted it to you in the Dungeon)
  2878 | D        | Found Riggoink's Jewellery Emporium.
  2878 | D        | Noticed an orc sorcerer
  2878 | D        | Noticed an orc sorcerer
  2878 | D        | Noticed an orc sorcerer
  2883 | D        | Killed an orc sorcerer
  2883 | D        | Received a gift from Trog
  2892 | D        | Found Lezisen's Gadget Shoppe.
  2892 | D        | Noticed an orc sorcerer
  2895 | D        | Killed an orc sorcerer
  2896 | D        | Found Hudaes's Antique Weapon Emporium.
  2900 | D        | Killed an orc sorcerer
  2901 | D        | Killed an orc sorcerer
  2903 | D        | Received a gift from Trog
  2961 | D        | Got a shimmering great mace {god gift}
  2962 | D        | Identified the +3 great mace of Sudden Death {flame, *Drain
                  | Will+ Int+3} (Trog gifted it to you in the Dungeon)
  2966 | D        | Found Luuchisan's Book Shoppe.
  2968 | D        | Noticed an orc sorcerer
  2969 | D        | Noticed an orc sorcerer
  2971 | D        | Noticed an orc sorcerer
  2975 | D        | Killed an orc sorcerer
  2979 | D        | Killed an orc sorcerer
  2986 | D        | Killed an orc sorcerer
  2986 | D        | Received a gift from Trog
  2987 | D        | Reached XP level 12. HP: 132/132 MP: 5/12
  3128 | D        | Bought a condenser vane for 400 gold pieces
  3136 | D        | Bought a box of beasts for 400 gold pieces
  3222 | D        | Noticed Josephine
  3233 | D        | Killed Josephine
  3233 | D        | Received a gift from Trog
  3234 | D        | Reached skill level 19 in Maces & Flails
  3551 | D        | Noticed a rakshasa
  3551 | D        | Noticed a boulder beetle
  3561 | D        | Killed a rakshasa
  3562 | D        | Killed a boulder beetle
  3564 | D        | Received a gift from Trog
  3565 | D        | Noticed a tengu reaver
  3566 | D        | Noticed an ogre mage
  3568 | D        | Killed a tengu reaver
  3568 | D        | Noticed a deep troll earth mage
  3569 | D        | Killed an ogre mage
  3569 | D        | Received a gift from Trog
  3569 | D        | Noticed a frost giant
  3571 | D        | Killed a deep troll earth mage
  3578 | D        | Killed a frost giant
  3578 | D        | Received a gift from Trog
  3579 | D        | Reached skill level 20 in Maces & Flails
  3594 | D        | Noticed a great orb of eyes
  3883 | D        | Killed a great orb of eyes
  3913 | D        | Noticed a queen ant
  3923 | D        | Killed a queen ant
  3987 | D        | Noticed a stone giant
  3988 | D        | Noticed a stone giant
  3994 | D        | Killed a stone giant
  3999 | D        | Killed a stone giant
  4308 | D        | Noticed Frances
  4316 | D        | Killed Frances
  4316 | D        | Received a gift from Trog
  4324 | D        | Got a masterwork dire flail {god gift}
  4325 | D        | Identified the +5 dire flail "Newtslayer" {flame, rPois
                  | rF+++ Will+ Dex-5} (Trog gifted it to you in the Dungeon)
  4385 | D        | Noticed Agnes
  4394 | D        | Killed Agnes
  4395 | D        | Reached skill level 21 in Maces & Flails
  4395 | D        | Reached XP level 13. HP: 116/143 MP: 13/13
  4447 | D        | Noticed a merfolk javelineer
  4451 | D        | Noticed a merfolk javelineer
  4459 | D        | Received a gift from Trog
  4478 | D        | Killed a merfolk javelineer
  4479 | D        | Killed a merfolk javelineer
  4765 | D        | Noticed a nagaraja
  4765 | D        | Noticed a nagaraja
  4772 | D        | Received a gift from Trog
  4785 | D        | Killed a nagaraja
  4793 | D        | Killed a nagaraja
  4793 | D        | Received a gift from Trog
  4794 | D        | Reached skill level 22 in Maces & Flails
  5171 | D        | Noticed a bunyip
  5171 | D        | Noticed an eleionoma
  5176 | D        | Received a gift from Trog
  5181 | D        | Killed a bunyip
  5182 | D        | Reached skill level 1 in Throwing
  5196 | D        | Killed an eleionoma
  5201 | D        | Noticed a bunyip
  5212 | D        | Killed a bunyip
  5212 | D        | Received a gift from Trog
  5396 | D        | Noticed an entropy weaver
  5460 | D        | Killed an entropy weaver
  5461 | D        | Reached skill level 5 in Evocations
  5463 | D        | Noticed a ghost moth
  5466 | D        | Received a gift from Trog
  5580 | D        | Killed a ghost moth
  5789 | D        | Noticed a green very ugly thing
  5789 | D        | Noticed a tengu reaver
  5795 | D        | Reached XP level 14. HP: 148/156 MP: 14/14
  5796 | D        | Received a gift from Trog
  5797 | D        | Killed a tengu reaver
  5802 | D        | Killed a green very ugly thing
  5803 | D        | Reached skill level 23 in Maces & Flails
  5803 | D        | Reached skill level 10 in Dodging
  5807 | D        | Received a gift from Trog
  5809 | D        | Noticed an iron dragon
  5809 | D        | Noticed a brown very ugly thing
  5822 | D        | Killed an iron dragon
  5829 | D        | Killed a brown very ugly thing
  5855 | D        | Noticed a stone giant
  5862 | D        | Received a gift from Trog
  5863 | D        | Killed a stone giant
  5864 | D        | Reached skill level 5 in Throwing
  6036 | D        | Noticed an ironheart preserver
  6039 | D        | Received a gift from Trog
  6041 | D        | Killed an ironheart preserver
  6053 | D        | Noticed an ironheart preserver
  6059 | D        | Received a gift from Trog
  6065 | D        | Killed an ironheart preserver
  6090 | D        | Reached skill level 24 in Maces & Flails
  6101 | D        | Received a gift from Trog
  6112 | D        | Noticed Antaeus
  6113 | D        | Received a gift from Trog
  6127 | D        | Killed from afar by Antaeus

Illustrated notes

Levels and vault maps discovered:
D:        linesprint [early_d, line_temple, items_1, d_10, items_2, lair_1,
          lair_end, items_3, orc_1, orc_end, items_4, d_15, swamp_1, shoals_1,
          snake_1, spider_1, d_20, vaults_1, items_5, swamp_end, shoals_end,
          snake_end, spider_end, vaults_end, d_27, items_6, zot_1, zot_end,
          crypt_end, forest_end, elf_end, slime_end, tomb_end, abyss_end,
          pan_hell_end]

Skill      XL: |  1  2  3  4  5  6  7  8  9 10 11 12 13 14 |
---------------+-------------------------------------------+-----
Fighting       | 4 6 8 9 10 12 13 14 16 17 19 21 | 21.2
Maces & Flails | 4 6 8 10 11 13 14 16 18 21 22 24 | 24.1
Armour         | 2 3 4 5 7 8 10 11 12 14 | 14.9
Dodging        | 2 3 4 5 6 7 9 11 | 11.5
Evocations     | 1 2 3 5 6 |  6.3
Stealth        | 1 2 3 4 |  4.7
Throwing       | 2 6 |  6.4

Action                   |  1- 3 |  4- 6 |  7- 9 | 10-12 | 13-15 || total
-------------------------+-------+-------+-------+-------+-------++-------
Melee: Mace              |    22 |     3 |       |       |       ||    25
       Tailslap          |     2 |     2 |     5 |    29 |    20 ||    58
       Morningstar       |       |    11 |    41 |    27 |       ||    79
       Great mace        |       |       |       |   180 |       ||   180
       Dire flail        |       |       |       |     7 |   186 ||   193
Throw: Javelin           |       |       |       |       |    27 ||    27
Invok: Berserk           |     2 |     1 |     2 |    11 |     5 ||    21
       Brothers in Arms  |       |       |       |     3 |     4 ||     7
 Abil: Rolling Charge    |       |       |       |     3 |     2 ||     5
Evoke: Wand              |       |       |     3 |     3 |     2 ||     8
       Condenser vane    |       |       |       |       |     9 ||     9
  Use: Scroll            |       |       |       |     2 |     2 ||     4
       Potion            |       |       |       |       |     6 ||     6
 Stab: Petrified         |       |       |       |     1 |       ||     1
Armor: Animal skin       |    11 |     1 |       |       |       ||    12
       Scale mail        |       |     3 |    17 |    44 |       ||    64
       Chain mail        |       |       |       |    21 |       ||    21
       Quicksilver drago |       |       |       |     4 |   122 ||   126
Dodge: Dodged            |     9 |     7 |    33 |    52 |    74 ||   175

Table legend: (Time is in decaauts)
 A = Elapsed time spent in this place.
 B = Non-inter-level travel time spent in this place.
 C = Inter-level travel time spent in this place.
 D = Time resting spent in this place.
 E = Time spent auto-exploring this place.
 F = Levels seen in this place.
 G = Mean time per level.
                   A        B        C        D        E       F      G
               +--------+--------+--------+--------+--------+-----+--------+
         Total |   6173 |   6173 |      0 |   3595 |   1100 |   1 | 6173.0 |
       Dungeon |   6173 |   6173 |      0 |   3595 |   1100 |   1 | 6173.0 |
               +--------+--------+--------+--------+--------+-----+--------+

Top non-repeatable levels by time:
       D: 6173 daAuts
